 Dungeon Crawl Stone Soup version 0.25.0-41-g26779e291d (webtiles) character file.

Game seed: 4545419340703642029

2328 yojeong the Spear-Bearer (level 9, -1/68 HPs)
             Began as a Formicid Abyssal Knight on July 11, 2020.
             Was an Elder of Lugonu.
             Slain by a sky beast (6 damage)
             ... on level 8 of the Dungeon.
             The game lasted 00:35:50 (9625 turns).

yojeong the Spear-Bearer (Formicid Abyssal Knight)  Turns: 9625, Time: 00:35:51

Health: -1/68      AC: 16    Str: 20    XL:     9   Next: 69%
Magic:  10/13      EV:  3    Int: 12    God:    Lugonu [****..]
Gold:   400        SH: 14    Dex: 10    Spells: 8/8 levels left

rFire    . . .     SeeInvis +   a - +4 spear
rCold    . . .     Gourm    .   i - +0 tower shield
rNeg     . . .     Faith    .   r - +0 plate armour
rPois    .         Spirit   .   (helmet unavailable)
rElec    .         Reflect  .   h - +0 cloak
rCorr    .         Harm     .   q - +2 pair of gloves
MR       +....                  (no boots)
Stlth    ..........             (no amulet)
HPRegen  0.21/turn              e - ring of protection from magic
MPRegen  0.13/turn              v - ring of flight

@: mighty
A: permanent stasis, dig shafts and tunnels, four strong arms, antennae 3
a: Dig, Shaft Self, Depart the Abyss, Bend Space, Banish, Corrupt, Renounce
Religion, Evoke Flight


You were on level 8 of the Dungeon.
You worshipped Lugonu.
Lugonu was greatly pleased with you.
You were not hungry.

You visited 1 branch of the dungeon, and saw 8 of its levels.
You visited the Abyss 1 time.
You also visited: Ossuary.

You collected 400 gold pieces.

Inventory:

Hand Weapons
 a - a +4 spear (weapon)
 A - a +3 antimagic dagger
 B - a +0 broad axe
 E - a cursed -1 hand axe
 G - a +1 spear
 H - a +0 trident
Armour
 d - a +0 ring mail
 g - a scarf of repulsion
 h - a +0 cloak (worn)
 i - a +0 tower shield (worn)
 j - a +2 robe of cold resistance
 q - a +2 pair of gloves (worn)
 r - a +0 plate armour (worn)
 z - a +0 chain mail
 I - +0 swamp dragon scales
Jewellery
 e - a ring of protection from magic (left hand)
 k - an uncursed ring of fire
 v - a ring of flight (right hand)
Scrolls
 b - a scroll of enchant armour
 m - 3 scrolls of amnesia
 s - a scroll of fear {unknown}
 t - 2 scrolls of immolation
 u - 2 scrolls of fog
 x - 5 scrolls of remove curse
 y - a scroll of random uselessness {unknown}
 C - a scroll of enchant weapon
 D - a scroll of vulnerability {unknown}
Potions
 f - 2 potions of lignification
 l - a potion of resistance
 n - 2 potions of stabbing
 o - 3 potions of brilliance
 p - a potion of might
 w - 5 potions of curing
 F - a potion of ambrosia
Comestibles
 c - 15 rations
 J - a chunk of flesh


   Skills:
 + Level 5.3 Fighting
 + Level 8.9 Polearms
 + Level 4.4 Armour
 - Level 0.8 Dodging
 + Level 5.5 Shields
 * Level 6.4 Invocations


You had 8 spell levels left.
You didn't know any spells.
Your spell library was empty.

Dungeon Overview and Level Annotations

Branches:
Dungeon (7/15)             Temple (0/1) D:6         Ossuary (visited)

Altars:
Okawaru
Uskayaw
Wu Jian

Shops:
D:6 *

Annotations:
D:2 1 exclusion
D:3 Sigmund
D:5 exclusion: 2 downstairs
D:7 1 transporter, SamuraiZach's ghost, novice TrFi


Innate Abilities, Weirdness & Mutations

You cannot be hasted, slowed, berserked, paralysed or teleported.
You can dig through walls and to a lower floor.
Your four strong arms can wield two-handed weapons with a shield.
You have a pair of large antennae on your head. (SInv)


Message History

The killer bee stings you but does no damage. x2
A shaft appears beneath you!
You fall into a shaft and drop 2 floors!
The shaft crumbles and collapses.
A sky beast, an orc priest and a centaur come into view.
The orc priest is wielding a +3 hand axe of venom.
The orc priest shouts!
The centaur shouts!
You hear a shout!
You hear a screech!
You hear a shout!
Found a pair of boots and a lumpy coppery potion.
The centaur wields a +0 shortbow.
The centaur shoots an arrow.
You block the arrow. The sky beast hits you.
* * * LOW HITPOINT WARNING * * *
The sky beast shocks you.
* * * LOW HITPOINT WARNING * * *
A gnoll shaman comes into view. It is wielding a +0 club.
There is a fountain of sparkling water here.
The sky beast hits you.
* * * LOW HITPOINT WARNING * * *
The sky beast shocks you.
You die...

##. #.
.⌠.#.
..#.#
####.⌠.
...c⌠⌠⌠
#.⌠o#####
#g..[#
#Y⌠.##
#@.##
#!## ###
{ {


You could see a sky beast, a gnoll shaman and an orc priest.

Vanquished Creatures
  Pikel (D:5)
  Maggie (D:6)
  A sky beast (D:6)
  A phantom (D:6)
  A centaur (D:5)
  An ogre (D:5)
  A bullfrog (D:6)
  2 scorpions (D:5)
  3 wights (D:6)
  2 howler monkeys
  2 orc priests (D:6)
  2 bullfrog skeletons (D:5)
  6 hounds
  3 iguanas
  4 orc wizards
  A worker ant (D:4)
  A killer bee zombie (D:5)
  3 mummies (Ossuary)
  8 gnolls
  A howler monkey skeleton (D:7)
  11 adders
  An ooze (D:4)
  6 adder zombies (Ossuary)
  2 dart slugs
  A worm (D:3)
  4 leopard geckos
  16 orcs
  14 bats
  7 giant cockroaches
  11 hobgoblins
  18 jackals
  12 kobolds
  7 quokkas
  7 frilled lizards
  5 goblins
  3 goblin zombies (Ossuary)
  2 hobgoblin zombies (Ossuary)
  4 kobold zombies (Ossuary)
  A leopard gecko skeleton (D:5)
  3 quokka zombies (Ossuary)
  11 rats
191 creatures vanquished.

Vanquished Creatures (others)
  A howler monkey (D:6)
  An orc (D:6)
2 creatures vanquished.

Grand Total: 193 creatures vanquished

Notes
Turn   | Place    | Note
-------+----------+-------------------------------------------
     0 | Abyss:1  | yojeong the Formicid Abyssal Knight began the quest for the
                  | Orb.
     0 | Abyss:1  | Reached XP level 1. HP: 18/18 MP: 2/2
    41 | Abyss:1  | Noticed a hellion
    48 | D:1      | Escaped the Abyss
   265 | D:1      | Reached * piety under Lugonu
   340 | D:1      | Reached XP level 2. HP: 24/24 MP: 3/3
  1006 | D:1      | Reached XP level 3. HP: 25/30 MP: 4/4
  1247 | D:1      | Reached skill level 1 in Shields
  1593 | D:1      | Reached ** piety under Lugonu
  1965 | D:2      | Reached XP level 4. HP: 33/37 MP: 5/5
  2042 | D:2      | Reached skill level 3 in Polearms
  2754 | D:2      | Reached XP level 5. HP: 29/42 MP: 6/6
  3435 | D:3      | Noticed Sigmund
  3707 | D:3      | Reached skill level 4 in Polearms
  4008 | D:3      | Reached *** piety under Lugonu
  4058 | D:3      | Reached XP level 6. HP: 33/49 MP: 7/7
  4113 | D:3      | Reached skill level 5 in Polearms
  5026 | D:4      | Reached XP level 7. HP: 55/55 MP: 8/8
  5972 | D:5      | Entered Level 5 of the Dungeon
  6198 | D:5      | Found a sand-covered staircase.
  6214 | Ossuary  | Entered an ossuary
  6232 | Ossuary  | Reached **** piety under Lugonu
  6681 | Ossuary  | Reached XP level 8. HP: 61/61 MP: 10/10
  6771 | Ossuary  | Reached skill level 6 in Polearms
  7047 | D:5      | Reached skill level 5 in Fighting
  7814 | D:5      | Found an ornate altar of the Wu Jian Council.
  7992 | D:6      | Noticed Maggie
  8118 | D:6      | Reached skill level 7 in Polearms
  8440 | D:6      | Reached skill level 8 in Polearms
  8640 | D:6      | Found a hide-covered altar of Uskayaw.
  8699 | D:6      | Killed Maggie
  8699 | D:6      | Reached skill level 5 in Invocations
  8699 | D:6      | Reached XP level 9. HP: 64/68 MP: 10/13
  8799 | D:6      | Found an iron altar of Okawaru.
  8915 | D:6      | Noticed Pikel
  8963 | D:5      | Killed Pikel
  8963 | D:5      | Reached skill level 5 in Shields
  9330 | D:6      | Found a staircase to the Ecumenical Temple.
  9367 | D:6      | Found Lihenwir's Assorted Antiques.
  9579 | D:7      | Noticed SamuraiZach's ghost (novice TrFi)
  9580 | D:7      | Found a transporter.
  9623 | D:6      | You fall into a shaft and drop 2 floors!
  9625 | D:8      | Slain by a sky beast

Illustrated notes

Levels and vault maps discovered:
D:1:      psy_arrival_dodecagon, layout_basic, minmay_vboxes
D:2:      layout_basic, minmay_tetromino_t2
D:3:      layout_rooms, uniq_sigmund
D:4:      layout_gridville, serial_glass, glass_columns_a, glass_columns_c,
          kennysheep_generic_room_13
D:5:      layout_layer_cave, marbit_many_paths, nicolae_ossuary_entry_ruins,
          first_ration
D:6:      layout_gridville, nicolae_overflow_hidden_temple,
          minmay_temple_entry_enclosed_plants, serial_shops, shop_fountains,
          okawaru_metal_pillars_3, uniq_pikel, uniq_maggie
D:7:      layout_gridville, grunt_gozag_statues, serial_shops,
          nicolae_shop_crystal, gammafunk_ghost_hive
D:8:      minmay_the_grid_octo_tiled_squarecenter
          [minmay_the_grid_octo_thin_diamonds, minmay_the_grid_octo_clover,
          minmay_the_grid_octo_teeth, minmay_the_grid_octo_clover_2,
          minmay_the_grid_square_5x5_megaprize_checkered,
          minmay_the_grid_square_5x5_almost_minimal,
          minmay_the_grid_square_5x5_eight,
          minmay_the_grid_square_5x5_gyroscope,
          minmay_the_grid_square_5x5_hollow_slash], layout_rooms,
          david_lair_generic, serial_shops, nicolae_shop_waterfront

Skill      XL: |  1  2  3  4  5  6  7  8  9 |
---------------+----------------------------+-----
Shields        | 1 2 3 4 5 |  5.5
Polearms       | 3 4 5 8 |  8.9
Fighting       | 4 5 |  5.3
Armour         | 3 4 |  4.4
Invocations    | 3 5 6 |  6.4
Dodging        | |  0.8

Action                   |  1- 3 |  4- 6 |  7- 9 || total
-------------------------+-------+-------+-------++-------
Melee: Spear             |   151 |   421 |   622 ||  1194
Throw: Throwing net      |       |       |     1 ||     1
Invok: Depart the Abyss  |     1 |       |       ||     1
       Bend Space        |       |       |     7 ||     7
 Abil: Dig               |       |     1 |     1 ||     2
       Shaft Self        |       |       |     1 ||     1
  Use: Scroll            |       |     9 |    10 ||    19
       Potion            |       |     1 |     5 ||     6
  Eat: Chunk             |     3 |    11 |    10 ||    24
       Ration            |       |       |     2 ||     2
Armor: Ring mail         |    41 |       |       ||    41
       Plate armour      |       |   193 |   226 ||   419
Dodge: Dodged            |    28 |    12 |    38 ||    78
Block: Tower shield      |    46 |   238 |   300 ||   584
